 Dungeon Crawl Stone Soup version 0.31-a0-1300-gb6740aa4e6 (webtiles) character file.

Game seed: 2068564904581853621

10388 gelatine the Cleaver (level 11, -3/70 (81) HPs)
             Began as a Demonspawn Fighter on Dec 18, 2023.
             Slain by Lodul
             ... wielding a +5 heavy great mace
              (26 damage)
             ... on level 11 of the Dungeon on Dec 19, 2023.
             The game lasted 00:30:38 (10567 turns).

gelatine the Cleaver (Demonspawn Fighter)          Turns: 10567, Time: 00:30:39

HP:   -3/70 (81)    AC: 19    Str: 20    XL:     11   Next: 35%
MP:   14/17         EV: 14    Int: 10    God:
Gold: 819           SH:  5    Dex: 12    Spells: 16/18 levels left

rFire   . . .        h - +3 broad axe (venom)
rCold   . . .        c - +0 buckler
rNeg    . . .        E - +3 chain mail
rPois   .            (helmet restricted)
rElec   +            (no cloak)
rCorr   .            w - +1 pair of gloves
SInv    .            (no boots)
Will    +....        (no amulet) Stlth
                     N - +5 ring of evasion
HPRegen 3.31/turn    i - ring of willpower
MPRegen 0.30/turn

%: no passive effects
@: heavily drained
A: antennae 1, thin metallic scales 3, powered by death 2, magic regeneration,
MP-powered wands
a: no special abilities


You were on level 11 of the Dungeon.
You visited 2 branches of the dungeon, and saw 12 of its levels.

You collected 852 gold pieces.
You spent 33 gold pieces at shops.

Inventory:

Hand Weapons
 a - a +0 war axe
 e - a +0 hand axe
 h - a +3 broad axe of venom (weapon)
 u - the +6 mace "Yretof" {drain, rCorr}
   (You found it on level 3 of the Dungeon)

   rCorr:     It protects you from acid and corrosion.
 F - the +0 war axe of Udwir {spect, ^Drain rPois Dex+3}
   (You found it on level 6 of the Dungeon)

   Dex+3:     It affects your dexterity (+3).
   rPois:     It protects you from poison ^Drain: It drains your maximum health
   when unequipped.
Missiles
 x - 7 javelins
 D - 4 curare-tipped darts
 I - 3 boomerangs (quivered)
Armour
 c - a +0 buckler (worn)
 w - a +1 pair of gloves (worn)
 E - a +3 chain mail (worn)
Jewellery
 i - a ring of willpower (right hand)
 N - a +5 ring of evasion (left hand)
 P - a ring of positive energy
Wands
 o - a wand of polymorph (30)
 p - a wand of roots (13)
 r - a wand of charming (19)
 s - a wand of flame (11)
 M - a wand of quicksilver (7)
Scrolls
 b - 2 scrolls of immolation {unknown}
 f - 4 scrolls of noise {unknown}
 j - 2 scrolls of brand weapon {unknown}
 k - 4 scrolls of enchant weapon {unknown}
 l - a scroll of revelation {unknown}
 m - a scroll of amnesia {unknown}
 v - 3 scrolls of teleportation {unknown}
 y - a scroll of fog {unknown}
 z - 3 scrolls of enchant armour {unknown}
 A - a scroll of blinking {unknown}
 B - a scroll of poison {unknown}
 G - a scroll of fear {unknown}
 K - a scroll of silence {unknown}
Potions
 d - a potion of might
 g - a potion of mutation
 n - a potion of magic
 q - a potion of ambrosia
 t - a potion of lignification
 H - a potion of resistance
 J - 3 potions of haste
 L - a potion of curing
 O - 2 potions of heal wounds


   Skills:
 * Level 6.1 Fighting
 * Level 8.5 Axes
 * Level 4.7 Throwing
 * Level 6.5 Armour
 * Level 4.3 Dodging
 + Level 4.3 Stealth
 * Level 5.4 Shields
 * Level 4.3 Spellcasting
 * Level 4.3 Transmutations
 * Level 4.4 Evocations


You had 16 spell levels left.
You knew the following spells:

 Your Spells              Type           Power      Damage    Failure   Level
a - Wereblood             Tmut           10%        N/A       45%         2

Your spell library contained the following spells:

 Spells                   Type           Power      Damage    Failure   Level
 Freeze                   Ice            8%         1d3       90%         1
 Ensorcelled Hibernation  Hex/Ice        4%         N/A       97%         2
 Jinxbite                 Hex            4%         N/A       97%         2
 Lesser Beckoning         Tloc           4%         N/A       97%         2
 Sublimation of Blood     Necr           2%         N/A       97%         2
 Frozen Ramparts          Ice            4%         1d1       99%         3
 Gell's Gravitas          Tloc           2%         N/A       99%         3
 Hailstorm                Conj/Ice       2%         3d5       99%         3
 Teleport Other           Tloc           2%         N/A       99%         3
 Anguish                  Hex/Necr       1%         N/A       100%        4
 Summon Ice Beast         Ice/Summ       2%         N/A       100%        4
 Simulacrum               Ice/Necr       1%         N/A       100%        6
 Summon Hydra             Summ           1%         N/A       100%        7


Dungeon Overview and Level Annotations

Branches:
Dungeon (11/15)            Temple (1/1) D:7            Lair (0/5) D:10
    Orc (0/2) D:9

Altars:
Ashenzari
Cheibriados
Dithmenos
Fedhas
Gozag
Hepliaklqana
Kikubaaqudgha
Makhleb
Nemelex Xobeh
Okawaru
Qazlal
Ru
Sif Muna
Trog
Uskayaw
Vehumet
Wu Jian
Xom
Yredelemnul

Shops:
D:3 !   D:5 [*

Annotations:
D:3 1 runed translucent door, Iich's ghost, amateur DsFi
D:4 2 transporters, ooooo's ghost, novice OpCj
D:11 Lodul


Innate Abilities, Weirdness & Mutations

You have a pair of small antennae on your head.
You are completely covered in thin metallic scales. (AC +4, rElec)
You regenerate health from kills.
You regenerate magic rapidly.
You expend magic power (3 MP) to strengthen your wands.


Message History

The bolt of lightning misses you.
You hit the gargoyle but do no damage.
The gargoyle is almost destroyed.
You block the gargoyle's attack.
Unknown command.
You closely miss the gargoyle.
The gargoyle is almost destroyed.
The gargoyle hits you but does no damage.
Electricity crackles from Lodul's apparatus.
The bolt of lightning misses you.
You hit the gargoyle but do no damage.
The gargoyle is almost destroyed.
The gargoyle misses you.
An ogre comes into view. It is wielding a +0 giant club.
The gargoyle hurls a stone arrow at you.
The stone arrow hits you.
You slash the gargoyle!
You destroy the gargoyle!
You slash the ogre!
The ogre is poisoned.
The ogre is heavily wounded.
An ogre comes into view. It is wielding a +0 giant spiked club.
You barely miss the ogre.
The ogre is heavily wounded.
You barely miss the ogre. The ogre closely misses you.
The ogre barely misses you.
You slash the ogre!
You kill the ogre!
You slash the ogre! You slash the ogre!
You kill the ogre!
You slash the ogre! The ogre hits you with a +0 giant club!
* * * LOW HITPOINT WARNING * * *
You slice the ogre!!
You kill the ogre!
Aiming: Charm
Press: ? - help, Q - select action, (/) - cycle Shift-Dir - straight line, f - ogre
Aim: an ogre, wielding a +0 giant club (chance to affect: 66%)
You feel a surge of power!
Lodul resists with some effort.
Lodul hits you with a +5 heavy great mace!!
You die...

..#+#######..#
........###..####+##
........#..........#
........#.†........#
##......#††........#
#......†..........#
#......#..........#
#......#######....#
#............#)@..#
#............##O###
#######.......OOO,
#.......OOO.
#............
#............#
#............#
#............'
#........


You could see Lodul and 6 ogres.

Vanquished Creatures
  A two-headed ogre (D:11)
  Joseph (D:7)
  A gargoyle (D:11)
  3 komodo dragons
  2 trolls
  3 hornets
  A shadow (D:11)
  A wyvern (D:7)
  19 yaks
  Eustachio (D:6)
  2 steam dragons
  An acid dragon (D:8)
  A water moccasin (D:7)
  An orc warrior (D:9)
  2 ice beasts
  2 sky beasts (D:7)
  3 black bears
  4 ogres
  7 centaurs (D:9)
  2 phantoms (D:5)
  A kobold brigand (D:9)
  Blork the orc (D:6)
  A gnoll sergeant (D:6)
  2 bullfrogs
  2 scorpions
  3 killer bees (D:10)
  12 howler monkeys
  3 jellies
  A quasit (D:8)
  3 orc priests (D:10)
  3 sleepcaps
  5 hounds
  2 iguanas
  5 orc wizards
  9 adders
  8 gnolls
  2 shadow imps (D:8)
  4 white imps (D:8)
  7 ufetubi
  2 worms
  4 dart slugs
  20 orcs
  7 ball pythons
  4 bats
  5 endoplasms
  3 giant cockroaches
  2 goblins
  6 hobgoblins
  3 jackals
  5 quokkas
  12 kobolds
  7 rats
212 creatures vanquished.

Vanquished Creatures (collateral kills)
  A howler monkey (D:5)
1 creature vanquished.

Vanquished Creatures (others)
  A scorpion (D:5)
  An ufetubus (D:5)
  A spectral weapon (D:10)
3 creatures vanquished.

Grand Total: 216 creatures vanquished

Notes
Turn   | Place    | Note
-------+----------+-------------------------------------------
     0 | D:1      | gelatine the Demonspawn Fighter began the quest for the
                  | Orb.
     0 | D:1      | Reached XP level 1. HP: 18/18 MP: 1/1
    56 | D:1      | Gained mutation: You regenerate a little health from kills.
                  | [demonic ancestry]
    56 | D:1      | Reached XP level 2. HP: 20/24 MP: 2/2
   213 | D:1      | Reached skill level 2 in Axes
   799 | D:1      | Gained mutation: You are partially covered in thin metallic
                  | scales. (AC +2) [demonic ancestry]
   799 | D:1      | Reached XP level 3. HP: 29/29 MP: 3/3
  1332 | D:2      | Found a faded altar of an unknown god.
  1580 | D:3      | Found Iblaf's Distillery.
  1597 | D:3      | Bought a potion of curing for 33 gold pieces
  1635 | D:3      | Reached XP level 4. HP: 35/35 MP: 4/4
  1648 | D:3      | Noticed Iich's ghost (amateur DsFi)
  1796 | D:3      | Found a runed translucent door.
  1821 | D:3      | Reached skill level 3 in Axes
  1861 | D:3      | Learned a level 2 spell: Wereblood
  2088 | D:3      | Identified the +6 mace "Yretof" {drain, rCorr}
  2428 | D:4      | Noticed a scorpion
  2489 | D:3      | Killed a scorpion
  2490 | D:3      | Gained mutation: You have a pair of small antennae on your
                  | head. [demonic ancestry]
  2490 | D:3      | Reached XP level 5. HP: 31/41 MP: 5/5
  2584 | D:4      | Reached skill level 1 in Dodging
  2800 | D:4      | Found a transporter.
  2800 | D:4      | Noticed ooooo's ghost (novice OpCj)
  2801 | D:4      | Found a transporter.
  2802 | D:4      | Noticed an ogre
  2802 | D:4      | Noticed an ogre
  2804 | D:4      | Noticed an ogre
  3152 | D:4      | Noticed a black bear
  3175 | D:4      | Killed a black bear
  3176 | D:4      | Reached skill level 1 in Stealth
  3176 | D:4      | Reached skill level 1 in Spellcasting
  3176 | D:4      | Gained mutation: You regenerate health from kills. [demonic
                  | ancestry]
  3176 | D:4      | Reached XP level 6. HP: 14/48 MP: 7/7
  3406 | D:5      | Entered Level 5 of the Dungeon
  3406 | D:5      | Found Zoyrroa's Armour Emporium.
  3452 | D:5      | Found an ornate altar of the Wu Jian Council.
  3454 | D:5      | Found Eqoaj's General Store.
  3465 | D:5      | Reached skill level 1 in Evocations
  3504 | D:5      | Reached skill level 1 in Transmutations
  3648 | D:5      | Noticed an ice beast
  3671 | D:5      | Killed an ice beast
  3786 | D:5      | Reached skill level 4 in Axes
  3786 | D:5      | Reached XP level 7. HP: 31/53 MP: 7/9
  4169 | D:5      | Reached skill level 1 in Throwing
  4351 | D:5      | Found a stormy altar of Qazlal.
  4353 | D:5      | Found a blossoming altar of Fedhas.
  4975 | D:6      | Noticed a +0 spear
  4975 | D:6      | Noticed a +0 short sword
  4975 | D:6      | Noticed a +0 falchion
  4975 | D:6      | Noticed a +0 dagger
  4975 | D:6      | Noticed a +0 dagger
  4975 | D:6      | Noticed a +0 spear
  4975 | D:6      | Noticed a steam dragon
  4976 | D:6      | Noticed a +0 short sword
  4987 | D:6      | Killed a steam dragon
  4988 | D:6      | Noticed a +0 falchion
  5150 | D:6      | Reached XP level 8. HP: 60/60 MP: 10/10
  5210 | D:6      | Found a hide-covered altar of Uskayaw.
  5555 | D:6      | Reached skill level 5 in Axes
  5726 | D:6      | Noticed Blork the orc
  5739 | D:6      | Killed Blork the orc
  5916 | D:6      | Noticed Eustachio
  5942 | D:6      | Killed Eustachio
  6156 | D:6      | Found a faded altar of an unknown god.
  6156 | D:6      | Found a faded altar of an unknown god.
  6164 | D:6      | Found an iron altar of Okawaru.
  6166 | D:6      | Found a basalt altar of Yredelemnul.
  6168 | D:6      | Found an ancient bone altar of Kikubaaqudgha.
  6216 | D:6      | Identified the +0 war axe of Udwir {spect, ^Drain rPois
                  | Dex+3}
  6337 | D:7      | Noticed Joseph
  6359 | D:7      | Gained mutation: You expend magic power (3 MP) to
                  | strengthen your wands. [potion of mutation]
  6359 | D:7      | HP: 2/61 [Joseph/sling bullet (7)]
  6362 | D:7      | Killed Joseph
  6363 | D:7      | Gained mutation: You regenerate magic rapidly. [demonic
                  | ancestry]
  6363 | D:7      | Reached XP level 9. HP: 5/66 MP: 12/12
  6665 | D:7      | Reached skill level 6 in Axes
  6788 | D:7      | Reached skill level 5 in Armour
  6789 | D:7      | Found a staircase to the Ecumenical Temple.
  6857 | Temple   | Entered the Ecumenical Temple
  6877 | D:7      | Found a sacrificial altar of Ru.
  7280 | D:8      | Paralysed by a hornet for 2 turns
  7285 | D:8      | Reached skill level 5 in Fighting
  7980 | D:9      | Found an opulent altar of Gozag.
  8089 | D:9      | Gained mutation: You are mostly covered in thin metallic
                  | scales. (AC +3) [demonic ancestry]
  8089 | D:9      | Reached XP level 10. HP: 70/74 MP: 14/14
  8235 | D:9      | Reached skill level 7 in Axes
  8576 | D:9      | Found a staircase to the Orcish Mines.
  9027 | D:10     | Entered Level 10 of the Dungeon
  9193 | D:10     | Reached skill level 5 in Shields
  9217 | D:10     | Noticed an elephant
  9485 | D:9      | Reached skill level 8 in Axes
  9964 | D:10     | Gained mutation: You are completely covered in thin
                  | metallic scales. (AC +4, rElec) [demonic ancestry]
  9964 | D:10     | Reached XP level 11. HP: 81/81 MP: 17/17
 10011 | D:10     | Found a staircase to the Lair.
 10356 | D:11     | Noticed a two-headed ogre
 10365 | D:11     | Killed a two-headed ogre
 10546 | D:11     | Identified a scroll of acquirement
 10547 | D:11     | Acquired a +3 broad axe of venom
 10554 | D:11     | Noticed Lodul
 10567 | D:11     | Slain by Lodul

Illustrated notes

Levels and vault maps discovered:
D:1:      lightli_arrival_farm, layout_basic, st_stairs_8, grunt_decor_junction,
          dk_noncrumbling_4
D:2:      layout_rooms, basic_ecumenical_altar
D:3:      layout_basic, serial_shops, shop, hellmonk_ghost_happy_afterlife
D:4:      layout_basic, gammafunk_ghost_smash, kennysheep_nondescript
D:5:      layout_rooms, grunt_temple_overflow_forces_of_nature,
          overflow_temple_1_default, serial_co_window_serial,
          co_window_of_opportunity_a, co_window_corner_a, co_window_paths_b,
          co_window_paths_a, co_window_paths_a, co_window_unsneaky_path_d,
          co_window_cross_3, co_window_corner_b, co_window_paths_d,
          glass_columns_a, glass_columns_a, glass_columns_a, glass_columns_a,
          serial_shops, nicolae_shop_temple_entry_statues_fountains, shop,
          kennysheep_opposing_triangles
D:6:      layout_basic, nicolae_uskayaw_en_pointe,
          chequers_temple_overflow_minitemple, uniq_blork_the_orc,
          uniq_eustachio
D:7:      layout_basic, nicolae_ru_sacrificial_ziggurat,
          minmay_temple_entry_mini_moons, uniq_joseph
D:8:      layout_loops_ring, serial_demonic, serial_demonic_a, serial_demonic_f,
          serial_demonic_g, serial_demonic_a, minivault_22
D:9:      layout_irregular_city, lemuel_round_altar, orc_0_dummy, centaur_isle
D:10:     layout_long_grid, grunt_lair_entry_orc_guard_hut, grunt_ministairs_13
D:11:     layout_gridville, st_stairs_12, uniq_gastronok, uniq_lodul
Temple:   nicolae_temple_god_jail

Skill      XL: |  1  2  3  4  5  6  7  8  9 10 11 |
---------------+----------------------------------+-----
Armour         | 3 4 5 6 |  6.5
Axes           | 2 3 4 5 6 8 |  8.5
Shields        | 3 4 5 |  5.4
Dodging        | 1 2 3 4 |  4.3
Stealth        | 1 2 3 4 |  4.3
Spellcasting   | 1 2 3 4 |  4.3
Evocations     | 1 2 3 4 |  4.4
Transmutations | 1 2 3 4 |  4.3
Fighting       | 4 5 6 |  6.1
Throwing       | 1 2 3 4 |  4.7

Action                     |  1- 3 |  4- 6 |  7- 9 | 10-12 || total
---------------------------+-------+-------+-------+-------++-------
  Melee: War axe           |    61 |       |   149 |   207 ||   417
         Hand axe          |    86 |   169 |   205 |       ||   460
         Broad axe         |       |       |       |    12 ||    12
  Throw: Javelin           |       |     5 |    33 |    20 ||    58
         Boomerang         |       |       |       |    62 ||    62
  Evoke: Wand              |       |     8 |    16 |     1 ||    25
    Use: Potion            |       |     2 |     1 |     1 ||     4
         Scroll            |       |       |       |     9 ||     9
   Stab: Distracted        |       |       |     3 |     5 ||     8
 Armour: Scale mail        |    81 |       |       |       ||    81
         Ring mail         |    24 |   140 |    53 |       ||   217
         Chain mail        |       |       |   265 |   232 ||   497
  Dodge: Dodged            |    82 |   115 |   119 |   183 ||   499
  Block: Buckler           |    37 |    48 |    98 |    83 ||   266

Table legend: (Time is in decaauts)
 A = Elapsed time spent in this place.
 B = Non-inter-level travel time spent in this place.
 C = Inter-level travel time spent in this place.
 D = Time resting spent in this place.
 E = Time spent auto-exploring this place.
 F = Levels seen in this place.
 G = Mean time per level.
                   A        B        C        D        E       F      G
               +--------+--------+--------+--------+--------+-----+--------+
         Total |  10784 |  10418 |    366 |      0 |   8096 |  12 |  898.7 |
       Dungeon |  10783 |  10417 |    366 |      0 |   8096 |  11 |  980.3 |
        Temple |      1 |      1 |      0 |      0 |      0 |   1 |    1.0 |
               +--------+--------+--------+--------+--------+-----+--------+

Top non-repeatable levels by time:
     D:5: 1589 daAuts
     D:9: 1564 daAuts
     D:6: 1292 daAuts
     D:1: 1055 daAuts
     D:4: 1027 daAuts
     D:7: 930 daAuts
    D:10: 869 daAuts
     D:3: 849 daAuts
     D:8: 811 daAuts
     D:2: 561 daAuts
    D:11: 231 daAuts
  Temple: 1 daAuts
